 Dungeon Crawl Stone Soup version 0.31-a0-408-gb642c7f9a3 (webtiles) character file.

Game seed: 1789862070457435561

150 RepHenryClay the Conjurer (level 5, -4/42 HPs)
             Began as a Deep Elf Hedge Wizard on July 30, 2023.
             Slain by a gnoll
             ... wielding a +0 halberd
              (7 damage)
             ... on level 4 of the Dungeon.
             The game lasted 00:04:16 (3140 turns).

RepHenryClay the Conjurer (Deep Elf Hedge Wizard)   Turns: 3140, Time: 00:04:17

Health: -4/42      AC: 22    Str:  7    XL:     5   Next: 10%
Magic:  9/13       EV:  2    Int: 21    God:
Gold:   153        SH:  0    Dex: 14    Spells: 6/12 levels left

rFire   . . .        u - +1 dagger (flame)
rCold   . . .        (no shield)
rNeg    . . .        b - melded +0 robe
rPois   +            c - melded +0 hat
rElec   .            (cloak currently unavailable)
rCorr   .            (gloves currently unavailable)
SInv    .            t - melded +0 pair of boots
Will    +....        (no amulet)
Stlth   ++           (no ring)
HPRegen 0.27/turn    (no ring)
MPRegen 0.13/turn

%: no passive effects
@: tree-form, enlightened, very slightly contaminated, hasted, very quick
A: stationary, stasis, torment immunity, boosted hp
a: no special abilities


You were on level 4 of the Dungeon.
You were a tree.
You visited 1 branch of the dungeon, and saw 4 of its levels.

You collected 154 gold pieces.
You spent 1 gold pieces at shops.

Inventory:

Hand Weapons
 a - a +0 dagger
 s - a -3 demon whip
 u - a +1 dagger of flaming (weapon)
Armour
 b - a +0 robe (melded)
 c - a +0 hat (melded)
 t - a +0 pair of boots (melded)
Wands
 g - a wand of digging (2)
 o - a wand of flame (13)
Scrolls
 f - a scroll of fog
 h - a scroll of summoning {unknown}
 j - a scroll of torment {unknown}
 m - a scroll of immolation {unknown}
 n - a scroll of revelation {unknown}
 p - a scroll of identify {@r1}
 q - a scroll of teleportation {unknown}
Potions
 d - a potion of magic
 e - a potion of invisibility
 r - a potion of cancellation {unknown}


   Skills:
 - Level 2.4 Dodging
 - Level 2.4 Stealth
 - Level 4.4 Spellcasting
 + Level 5.5 Conjurations
 - Level 1.1 Summonings
 - Level 1.1 Translocations


You had 6 spell levels left.
You knew the following spells:

 Your Spells              Type           Power      Damage    Failure   Level
a - Magic Dart            Conj           100%       1d8       1%          1
b - Blink                 Tloc           18%        N/A       11%         2
c - Mephitic Cloud        Conj/Pois/Air  12%        N/A       16%         3

Your spell library contained the following spells:

 Spells                   Type           Power      Damage    Failure   Level
 Shock                    Conj/Air       64%        1d7       3%          1
 Call Imp                 Summ           18%        N/A       11%         2
 Slow                     Hex            16%        N/A       12%         1
 Cigotuvi's Dreadful Rot  Necr/Pois/Air  8%         N/A       17%         2
 Portal Projectile        Hex/Tloc       12%        N/A       28%         3
 Iskenderun's Mystic Bla  Conj/Tloc      18%        2d6       28%         4
 Swiftness                Air            4%         N/A       34%         3
 Tukima's Dance           Hex            4%         N/A       34%         3
 Airstrike                Air            2%         2d(1-17)  75%         4


Dungeon Overview and Level Annotations

Branches:
Dungeon (4/15)
 Temple: D:4-7

Altars:
Okawaru

Shops:
D:4 *

Annotations:
D:2 Terence
D:3 2 transporters


Message History

Confirm with . or Enter, or press ? or * to list all spells.
The spell is quite dangerous to miscast (16% risk of failure)!
Continue anyway?
Aiming: Mephitic Cloud (quite dangerous; 16% risk of failure)
Press: ? - help, Shift-Dir - straight line, f/p - gnoll
Aim: a gnoll, wielding a +0 whip (lightly wounded, chance to affect: 91%)
You miscast Mephitic Cloud.
You are very lightly contaminated with residual magic.
Nothing appears to happen.
Casting: Mephitic Cloud (quite dangerous; 16% risk of failure)
Confirm with . or Enter, or press ? or * to list all spells.
Aiming: Magic Dart (safe; 1% risk of failure)
Press: ? - help, Shift-Dir - straight line, f/p - gnoll
Aim: a gnoll, wielding a +0 whip (lightly wounded, 100% to hit)
The magic dart hits the gnoll.
The gnoll is moderately wounded.
The gnoll hits you with a +0 whip.
The gnoll hits you from afar with a +0 halberd!
Ouch! That really hurt!
* * * LOW HITPOINT WARNING * * *
Huge Dmg: -78%(-22hp) hp: 22%(6hp) It was a potion of enlightenment.
You feel very buoyant.
You fly up into the air.
The gnoll misses you. The gnoll barely misses you.
It was a potion of lignification.
You turn into a tree.
Your +0 hat melds into your body.
Your +0 pair of boots melds into your body.
Your +0 robe melds into your body.
Your roots penetrate the ground.
The gnoll hits you from afar with a +0 halberd.
* * * LOW HITPOINT WARNING * * *
Huge Dmg: -5%(-2hp) hp: 12%(5hp)
You hit the gnoll. You burn the gnoll.
The gnoll is heavily wounded.
The gnoll hits you with a +0 whip.
* * * LOW HITPOINT WARNING * * *
The gnoll hits you but does no damage.
Huge Dmg: -4%(-2hp) hp: 8%(3hp) It was a potion of haste.
You feel yourself speed up. The gnoll hits you but does no damage.
The gnoll hits you from afar with a +0 halberd!
You die...

.........#..........##.............
....####..........#.###............
....# ##.#####..#.# ##........[..
....# #.##.....#.# #...........
....# #.##.###.#.# #.#.........
....# #.##.###.#.. #.#.........
)...######......#.####.#.#.#.......
....#.......#.#.#..........#+#..###
....#.......#.#.#♣g....#........# #
..<##.......#.# #.######........# #
.####.......#.# #g# ##.......# #
.......)....#.# #.# #........ .
....).......#.# #.# ######.###.
............#.. #.# ..#
#####.....#.#####.# ..#
.............gg...#
............#######


You could see 2 gnolls.

Vanquished Creatures
  A hound (D:4)
  A gnoll (D:4)
  5 adders
  2 dart slugs (D:1)
  An orc (D:3)
  7 bats
  3 endoplasms
  4 giant cockroaches (D:1)
  7 goblins
  6 hobgoblins
  4 jackals
  7 kobolds
  A quokka (D:3)
  3 ball pythons
  4 frilled lizards
  5 rats
61 creatures vanquished.

Notes
Turn   | Place    | Note
-------+----------+-------------------------------------------
     0 | D:1      | RepHenryClay the Deep Elf Hedge Wizard began the quest for
                  | the Orb.
     0 | D:1      | Reached XP level 1. HP: 10/10 MP: 7/7
     2 | D:1      | Noticed an elf
     2 | D:1      | Noticed a ghoul
     4 | D:1      | Noticed a formicid
     4 | D:1      | Noticed a gargoyle
     6 | D:1      | Noticed a spriggan
     6 | D:1      | Noticed a minotaur
     8 | D:1      | Noticed an ogre
    10 | D:1      | Noticed a naga
    12 | D:1      | Noticed a demonspawn
    14 | D:1      | Noticed a human
    14 | D:1      | Noticed a draconian
    16 | D:1      | Noticed an octopode
    16 | D:1      | Noticed a demigod
    18 | D:1      | Noticed a vampire
    18 | D:1      | Noticed a merfolk
    20 | D:1      | Noticed a tengu
    20 | D:1      | Noticed a felid
    22 | D:1      | Noticed a vine stalker
    22 | D:1      | Noticed a troll
    24 | D:1      | Noticed an armataur
    24 | D:1      | Noticed a tengu
    26 | D:1      | Noticed a draconian
   159 | D:1      | Reached skill level 2 in Conjurations
   319 | D:1      | Reached XP level 2. HP: 15/15 MP: 5/9
   683 | D:1      | Reached skill level 3 in Conjurations
  1029 | D:2      | Reached XP level 3. HP: 19/19 MP: 6/10
  1069 | D:2      | Noticed Terence
  1125 | D:1      | Learned a level 2 spell: Blink
  1129 | D:1      | Learned a level 3 spell: Mephitic Cloud
  1201 | D:2      | Reached skill level 4 in Conjurations
  1387 | D:2      | Reached XP level 4. HP: 19/24 MP: 4/12
  1855 | D:3      | Found a transporter.
  1937 | D:3      | Noticed a centaur
  1942 | D:3      | Found a transporter.
  2043 | D:3      | Found an iron altar of Okawaru.
  2853 | D:4      | Reached skill level 5 in Conjurations
  2911 | D:4      | Reached XP level 5. HP: 28/28 MP: 11/13
  2971 | D:4      | Found Pyepeant's Lightly-Used Armoury.
  2993 | D:4      | Bought a -3 demon whip for 1 gold piece
  3140 | D:4      | Slain by a gnoll

Illustrated notes

Levels and vault maps discovered:
D:1:      kb_arrival_jail, layout_basic, hangedman_glass_teeth
D:2:      cheibrodos_helix_gallery, layout_basic, minmay_hedge_maze,
          uniq_terence
D:3:      layout_basic, gammafunk_temple_overflow_arena, solitary_fountain
D:4:      layout_basic, serial_glass, glass_columns_a, glass_columns_a,
          glass_columns_a, glass_columns_a, glass_columns_c,
          minmay_shop_damaged, minivault_26, uniq_menkaure

Skill      XL: |  1  2  3  4 |
---------------+-------------+-----
Conjurations   | 2 3 4 5 |  5.5
Dodging        | |  2.4
Stealth        | |  2.4
Spellcasting   | |  4.4
Summonings     | |  1.1
Translocations | |  1.1

Action                     |  1- 3 |  4- 6 || total
---------------------------+-------+-------++-------
  Melee: Dagger            |    12 |     1 ||    13
   Cast: Magic Dart        |    81 |    55 ||   136
    Use: Scroll            |       |     3 ||     3
         Potion            |       |     3 ||     3
 Armour: Robe              |    11 |     1 ||    12
         Skin              |       |     2 ||     2
  Dodge: Dodged            |    30 |     8 ||    38

Table legend: (Time is in decaauts)
 A = Elapsed time spent in this place.
 B = Non-inter-level travel time spent in this place.
 C = Inter-level travel time spent in this place.
 D = Time resting spent in this place.
 E = Time spent auto-exploring this place.
 F = Levels seen in this place.
 G = Mean time per level.
                   A        B        C        D        E       F      G
               +--------+--------+--------+--------+--------+-----+--------+
         Total |   3139 |   3059 |     80 |    114 |   2544 |   4 |  784.8 |
       Dungeon |   3139 |   3059 |     80 |    114 |   2544 |   4 |  784.8 |
               +--------+--------+--------+--------+--------+-----+--------+

Top non-repeatable levels by time:
     D:1: 1091 daAuts
     D:3: 918 daAuts
     D:2: 665 daAuts
     D:4: 465 daAuts
